 Dungeon Crawl Stone Soup version 0.31-a0-803-g95b03c3367 (webtiles) character file.

Game seed: 9471166104817435954

1473 Maratek the Thaumaturge (level 8, -14/42 HPs)
             Began as a Deep Elf Fire Elementalist on Sept 21, 2023.
             Was an Elder of Makhleb.
             Demolished by a komodo dragon (18 damage)
             ... on level 6 of the Dungeon.
             The game lasted 00:14:35 (7584 turns).

Maratek the Thaumaturge (DEFE)                      Turns: 7584, Time: 00:14:36

Health: -14/42     AC:  3    Str:  5    XL:     8   Next: 49%
Magic:  18/22      EV: 13    Int: 23    God:    Makhleb [****..]
Gold:   463        SH:  0    Dex: 15    Spells: 20/23 levels left

rFire   + . .        v - staff of fire
rCold   . . .        (no shield)
rNeg    . . .        a - +0 robe
rPois   .            (no helmet)
rElec   .            (no cloak)
rCorr   .            h - +0 pair of gloves
SInv    .            (no boots)
Will    .....        (no amulet)
Stlth   +++          s - ring of flight
HPRegen 0.27/turn    (no ring)
MPRegen 0.18/turn

%: no passive effects
@: flying
A: no striking features
a: Renounce Religion, Minor Destruction, Lesser Servant of Makhleb, Major
Destruction


You were on level 6 of the Dungeon.
You worshipped Makhleb.
Makhleb was greatly pleased with you.
You visited 1 branch of the dungeon, and saw 6 of its levels.
You also visited: Ossuary.

You collected 463 gold pieces.

Inventory:

Hand Weapons
 c - a +3 dagger of venom
Armour
 a - a +0 robe (worn)
 h - a +0 pair of gloves (worn)
Magical Staves
 v - a staff of fire (weapon)
Jewellery
 b - a +5 ring of evasion
 s - a ring of flight (left hand)
Wands
 d - a wand of iceblast (8)
Scrolls
 e - a scroll of amnesia
 g - 5 scrolls of teleportation
 i - a scroll of vulnerability
 m - 3 scrolls of enchant weapon
Potions
 f - 4 potions of mutation
 j - 4 potions of curing {unknown}
 k - a potion of invisibility {unknown}
 l - a potion of haste {unknown}
 n - 2 potions of might {unknown}
 o - 3 potions of attraction {unknown}
 p - 2 potions of ambrosia {unknown}
 q - 2 potions of enlightenment {unknown}
 r - a potion of berserk rage {unknown}
 t - 2 potions of lignification {unknown}
 u - a potion of heal wounds {unknown}


   Skills:
 + Level 0.9 Fighting
 + Level 3.9 Dodging
 + Level 3.9 Stealth
 + Level 8.3 Spellcasting
 + Level 6.0 Conjurations
 + Level 6.9 Fire Magic


You had 20 spell levels left.
You knew the following spells:

 Your Spells              Type           Power      Damage    Failure   Level
a - Foxfire               Conj/Fire      100%       2x1d9     1%          1
b - Scorch                Fire           100%       2d9       1%          2

Your spell library contained the following spells:

 Spells                   Type           Power      Damage    Failure   Level
 Inner Flame              Hex/Fire       38%        N/A       4%          3
 Volatile Blastmotes      Fire/Tloc      76%        2d16      4%          3
 Flame Wave               Conj/Fire      56%        2d13      4%          4
 Apportation              Tloc           18%        N/A       7%          1
 Slow                     Hex            36%        N/A       7%          1
 Mephitic Cloud           Conj/Pois/Air  18%        N/A       9%          3
 Cigotuvi's Dreadful Rot  Necr/Pois/Air  18%        N/A       10%         2
 Jinxbite                 Hex            18%        N/A       10%         2
 Poisonous Vapours        Pois/Air       18%        N/A       10%         2
 Iskenderun's Mystic Bla  Conj/Tloc      23%        2d6       19%         4
 Confusing Touch          Hex            9%         N/A       21%         3
 Sigil of Binding         Hex            9%         N/A       21%         3
 Tukima's Dance           Hex            9%         N/A       21%         3
 Vampiric Draining        Necr           9%         2d6       21%         3
 Dimensional Bullseye     Hex/Tloc       4%         N/A       54%         4
 Dispel Undead            Necr           9%         3d8       54%         4
 Freezing Cloud           Conj/Ice/Air   9%         6-21      63%         5
 Alistair's Intoxication  Tmut/Pois      6%         N/A       88%         5
 Death Channel            Necr           4%         N/A       100%        6


Dungeon Overview and Level Annotations

Branches:
Dungeon (6/15)             Temple (0/1) D:4         Ossuary (visited)

Altars:
Gozag
Makhleb
Xom
Yredelemnul
Zin

Shops:
D:2 :

Annotations:
D:5 2 transporters


Message History

The komodo dragon is lightly wounded.
The foxfire hits the komodo dragon.
The komodo dragon is lightly wounded.
You feel a surge of power!
You conjure some foxfire!
The foxfire hits the komodo dragon but does no damage.
The komodo dragon is lightly wounded.
The foxfire hits the komodo dragon.
The komodo dragon is lightly wounded.
The komodo dragon misses you.
You feel a surge of power!
You conjure some foxfire!
The foxfire hits the komodo dragon but does no damage.
The komodo dragon is lightly wounded.
The komodo dragon bites you!!
You feel a surge of power!
You conjure some foxfire!
The foxfire hits the komodo dragon but does no damage.
The komodo dragon is lightly wounded.
The foxfire hits the komodo dragon.
The komodo dragon is lightly wounded.
The komodo dragon closely misses you.
The foxfire hits the komodo dragon but does no damage.
The komodo dragon is lightly wounded.
The foxfire hits the komodo dragon.
The komodo dragon is lightly wounded.
The foxfire hits the komodo dragon but does no damage.
The komodo dragon is lightly wounded.
The komodo dragon attacks as it pursues you!
The komodo dragon barely misses you.
The komodo dragon attacks as it pursues you!
The komodo dragon bites you!!
Ouch! That really hurt!
* * * LOW HITPOINT WARNING * * *
You are too injured to fight recklessly!
You are too injured to fight recklessly!
Aiming: Iceblast
Press: ? - help, Q - select action, (/) - cycle Shift-Dir - straight line The mass of ice explodes!
The iceblast engulfs the komodo dragon.
The komodo dragon is moderately wounded.
You hear a shout!
The komodo dragon bites you!!
You die...

##### ####.#.### ###+#####
#.##...... #.......#
####.........
#.......###.#........#.
+..8....##...........#.
#.......#...........##.
#....l@..............#.
###'###..........##.### #..
#..........#####. #...
#..........# ## ####...
#..........## # #..#...
#...........##### ####.##..
#.............#.#
##..#.#######........[.......
#...........(................


You could see a komodo dragon.

Vanquished Creatures
  2 ice beasts (D:6)
  A black bear (D:5)
  2 ogres (D:5)
  3 scorpions
  3 water moccasin zombies (Ossuary)
  2 jellies
  4 hounds
  3 sleepcaps (D:6)
  3 iguanas
  3 orc wizards
  2 mummies (Ossuary)
  7 gnolls
  5 adders
  A shadow imp (D:5)
  A white imp (D:5)
  An ufetubus (D:5)
  7 adder zombies (Ossuary)
  2 worms
  A dart slug (D:5)
  5 orcs
  6 ball pythons
  9 bats
  6 endoplasms
  2 giant cockroaches (D:3)
  2 gnoll zombies (Ossuary)
  4 goblins
  A hobgoblin (D:1)
  6 jackals (D:1)
  6 kobolds
  3 quokkas
  7 frilled lizards
  A goblin zombie (D:4)
  5 hobgoblin zombies (Ossuary)
  3 kobold zombies (Ossuary)
  5 orc zombies (Ossuary)
  A quokka zombie (D:4)
  2 rats
127 creatures vanquished.

Vanquished Creatures (others)
  756 foxfires
756 creatures vanquished.

Grand Total: 883 creatures vanquished

Notes
Turn   | Place    | Note
-------+----------+-------------------------------------------
     0 | D:1      | Maratek the Deep Elf Fire Elementalist began the quest for
                  | the Orb.
     0 | D:1      | Reached XP level 1. HP: 10/10 MP: 6/6
   254 | D:1      | Reached XP level 2. HP: 15/15 MP: 4/8
   476 | D:1      | Found a faded altar of an unknown god.
   551 | D:1      | Prayed at the altar of an unknown god.
   551 | D:1      | Became a worshipper of Makhleb the Destroyer
   551 | D:1      | Reached * piety under Makhleb
  1112 | D:2      | Reached XP level 3. HP: 19/19 MP: 7/10
  1399 | D:2      | Found Soyv's Book Emporium.
  1759 | D:3      | Found a shimmering altar of Xom.
  1761 | D:3      | Reached ** piety under Makhleb
  1780 | D:2      | Reached skill level 4 in Spellcasting
  1780 | D:2      | Reached XP level 4. HP: 16/24 MP: 2/12
  1900 | D:3      | Found an opulent altar of Gozag.
  2220 | D:3      | Identified the +9 flail of Armageddon {vamp, rElec rPois}
  2228 | D:3      | Reached XP level 5. HP: 28/28 MP: 7/14
  2330 | D:3      | Noticed an angel
  2343 | D:3      | Found a glowing silver altar of Zin.
  2407 | D:3      | Learned a level 2 spell: Scorch
  3561 | D:4      | Found a staircase to the Ecumenical Temple.
  3666 | D:4      | Reached skill level 5 in Spellcasting
  3860 | D:4      | Found a sand-covered staircase.
  3868 | Ossuary  | Entered an ossuary
  3927 | Ossuary  | Reached XP level 6. HP: 33/33 MP: 8/15
  4214 | Ossuary  | Reached skill level 5 in Fire Magic
  4859 | Ossuary  | Reached *** piety under Makhleb
  5318 | Ossuary  | Reached skill level 6 in Spellcasting
  5800 | D:5      | Entered Level 5 of the Dungeon
  5808 | D:5      | Reached XP level 7. HP: 37/37 MP: 11/18
  5914 | D:5      | Found a basalt altar of Yredelemnul.
  6260 | D:5      | Reached skill level 7 in Spellcasting
  6260 | D:5      | Reached skill level 5 in Conjurations
  6395 | D:5      | Found a transporter.
  6504 | D:5      | Reached XP level 8. HP: 42/42 MP: 11/21
  6573 | D:5      | Found a transporter.
  6580 | D:5      | Identified a scroll of acquirement
  6581 | D:5      | Acquired a staff of fire
  7142 | D:6      | Reached **** piety under Makhleb
  7143 | D:6      | Reached skill level 8 in Spellcasting
  7576 | D:6      | Noticed a komodo dragon
  7584 | D:6      | Demolished by a komodo dragon

Illustrated notes

Levels and vault maps discovered:
D:1:      ncdulo_lavacross, layout_basic,
          hellmonk_ecumenical_altar_pennies_from_heaven
D:2:      layout_rooms, serial_shops, nicolae_shop_gibbet_a_chance,
          minmay_misc_feat_x, corexii_corridor_pit
D:3:      layout_rooms, grunt_temple_overflow_order_and_chaos_1,
          nicolae_gozag_seed_capital, supply_closet_lemuel
D:4:      layout_loops_ring, minmay_temple_entry_arrows,
          cheibrodos_sewer_entry_bend, enter_ossuary_4
D:5:      gammafunk_cloud_chamber, layout_cave_pools, general_overflow_altar
D:6:      layout_cave_pools, minmay_three_doors

Skill      XL: |  1  2  3  4  5  6  7  8 |
---------------+-------------------------+-----
Fire Magic     | 4 5 6 |  6.9
Conjurations   | 2 3 4 5 6 |  6.0
Spellcasting   | 4 5 6 7 8 |  8.3
Dodging        | 3 |  3.9
Stealth        | 3 |  3.9
Fighting       | |  0.9

Action                     |  1- 3 |  4- 6 |  7- 9 || total
---------------------------+-------+-------+-------++-------
  Melee: Dagger            |     6 |       |       ||     6
   Cast: Foxfire           |   105 |   205 |   148 ||   458
  Evoke: Wand              |       |       |     1 ||     1
    Use: Scroll            |       |     7 |     4 ||    11
         Potion            |       |       |     1 ||     1
 Armour: Robe              |    21 |    31 |     6 ||    58
  Dodge: Dodged            |    20 |    33 |     9 ||    62

Table legend: (Time is in decaauts)
 A = Elapsed time spent in this place.
 B = Non-inter-level travel time spent in this place.
 C = Inter-level travel time spent in this place.
 D = Time resting spent in this place.
 E = Time spent auto-exploring this place.
 F = Levels seen in this place.
 G = Mean time per level.
                   A        B        C        D        E       F      G
               +--------+--------+--------+--------+--------+-----+--------+
         Total |   7585 |   7537 |     48 |   2068 |   4387 |   7 | 1083.6 |
       Dungeon |   6066 |   6018 |     48 |    907 |   4191 |   6 | 1011.0 |
       Ossuary |   1518 |   1518 |      0 |   1161 |    196 |   1 | 1518.0 |
               +--------+--------+--------+--------+--------+-----+--------+

Top non-repeatable levels by time:
 Ossuary: 1518 daAuts
     D:3: 1324 daAuts
     D:5: 1007 daAuts
     D:1: 1002 daAuts
     D:2: 986 daAuts
     D:4: 970 daAuts
     D:6: 775 daAuts
